 Dungeon Crawl Stone Soup version 0.19-a0-1596-g2f379c2 (webtiles) character file.

109 Psiweapon the Bolt Thrower (level 5, -4/30 HPs)
             Began as a Kobold Hunter on Sept 16, 2016.
             Slain by Sigmund
             ... wielding a +0 scythe
              (11 damage)
             ... on level 3 of the Dungeon on Sept 17, 2016.
             The game lasted 00:13:34 (2092 turns).

Psiweapon the Bolt Thrower (Kobold Hunter)          Turns: 2092, Time: 00:13:34

Health: -4/30      AC:  4    Str:  7 (9)  XL:     5   Next: 13%
Magic:  5/5        EV: 14    Int: 10 (12) God:
Gold:   70         SH:  0    Dex: 15 (17) Spells: 0 memorised, 4 levels left

rFire  . . .     SeeInvis .     a - +1 hand crossbow
rCold  . . .     Gourm    .     j - +0 leather armour (curse)
rNeg   . . .     Faith    .     (shield restricted)
rPois  .         Spirit   .     o - +0 helmet
rElec  .         Dismiss  .     (no cloak)
rCorr  +         Reflect  .     (no gloves)
MR     .....     Harm     .     (no boots)
Stlth  +.........               (no amulet)
                                (no ring)
                                g - ring of resist corrosion

@: confused
A: carnivore 3
a: no special abilities


You were on level 3 of the Dungeon.
You were completely stuffed.

You visited 1 branch of the dungeon, and saw 3 of its levels.

You collected 70 gold pieces.

Inventory:

Hand Weapons
 a - a +1 hand crossbow (weapon)
 b - a +0 short sword
 y - a +0 blowgun
Missiles
 d - 12 bolts (quivered)
 l - 120 stones
 r - 33 sling bullets
 z - 11 poisoned needles
Armour
 c - a +0 leather armour
 e - a +0 ring mail
 j - a cursed +0 leather armour (worn)
 m - a +0 scale mail
 o - a +0 helmet (worn)
Jewellery
 g - a ring of resist corrosion (left hand)
Scrolls
 i - a scroll of teleportation
 k - a scroll of enchant armour {unknown}
 q - a scroll of fear {unknown}
 s - 2 scrolls of amnesia
 t - a scroll of immolation {unknown}
 A - a scroll of remove curse {unknown}
Potions
 v - a potion of agility {unknown}
 w - a potion of lignification {unknown}
 x - a potion of invisibility {unknown}
Comestibles
 f - 3 meat rations
 n - a beef jerky
 u - 14 chunks of flesh


   Skills:
 - Level 2.1 Fighting
 + Level 7.3 Crossbows
 - Level 2.4 Dodging
 - Level 1.3 Stealth


You had 4 spell levels left.
You didn't know any spells.

Dungeon Overview and Level Annotations

Branches:
Dungeon (3/15)

Altars:
Kikubaaqudgha

Annotations:
D:3 Sigmund


Innate Abilities, Weirdness & Mutations

You are small and have problems with some larger weapons.
You are carnivorous and can eat meat at any time.


Message History

You feel weakened.
You feel dopey.
You feel clumsy.
It was a potion of curing.
You feel better. Something barely misses you.
A magic dart appears from out of thin air!
The magic dart hits you!
* * * LOW HITPOINT WARNING * * *
You are confused.
Firing (i - inventory. (,) - cycle):
d - 16 bolts (quivered)
Press: ? - help, Shift-Dir - straight line, f - you You shoot a bolt.
Firing (i - inventory. (,) - cycle):
d - 15 bolts (quivered)
Press: ? - help, Shift-Dir - straight line, f - you You shoot a bolt.
Firing (i - inventory. (,) - cycle):
d - 14 bolts (quivered)
Press: ? - help, Shift-Dir - straight line You shoot a bolt.
Some of the chunks of flesh in your inventory have rotted away.
Firing (i - inventory. (,) - cycle):
d - 13 bolts (quivered)
Press: ? - help, Shift-Dir - straight line You shoot a bolt.
Something hits you!
You die...

#.#.#...≈≈≈≈≈..#.#
....#........⌠...#
.#..#..........###
.#..#............#
.#..##.##.######.#
.......##.#<..##.#
..........[...##{#
.#..#..##.######.#
..........# #@#
#....###### #.#
#..>.# #.# #....#
#.# ##### #.# #.#
... ###


There were no monsters in sight!

Vanquished Creatures
  Robin (D:3)
  3 adders (D:2)
  A worm (D:2)
  2 dart slugs (D:1)
  A leopard gecko (D:2)
  2 orcs (D:3)
  A giant cockroach (D:1)
  17 goblins
  6 hobgoblins
  8 kobolds
  2 quokkas
  A ball python (D:2)
  7 bats
  5 frilled lizards
  2 rats (D:1)
59 creatures vanquished.

Notes
Turn   | Place    | Note
-------+----------+-------------------------------------------
     0 | D:1      | Psiweapon the Kobold Hunter began the quest for the Orb.
     0 | D:1      | Reached XP level 1. HP: 12/12 MP: 1/1
    51 | D:1      | Reached skill level 5 in Crossbows
    94 | D:2      | Reached XP level 2. HP: 17/17 MP: 2/2
   152 | D:1      | Upgraded the game from 0.19-a0-1580-g8817a36 to 0.19-a0-1596-g2f379c2
   844 | D:2      | Reached skill level 6 in Crossbows
   844 | D:2      | Reached XP level 3. HP: 21/21 MP: 3/3
  1378 | D:1      | Reached XP level 4. HP: 26/26 MP: 4/4
  1858 | D:3      | Noticed Robin
  1862 | D:3      | Reached skill level 7 in Crossbows
  1875 | D:3      | Killed Robin
  1889 | D:3      | Reached XP level 5. HP: 25/30 MP: 5/5
  2021 | D:3      | Found an ancient bone altar of Kikubaaqudgha.
  2050 | D:3      | Noticed Sigmund
  2092 | D:3      | Slain by Sigmund

Vault maps used:
D:1:      dpeg_arrival_pits
D:3:      grunt_temple_overflow_open, kiku_gazebo_pond_becter, uniq_robin,
          uniq_sigmund

Skill      XL: |  1  2  3  4 |
---------------+-------------+-----
Crossbows      | 5 6 7 |  7.3
Fighting       | |  2.1
Dodging        | |  2.4
Stealth        | |  1.3

Action                   |  1- 3 |  4- 6 || total
-------------------------+-------+-------++-------
Melee: Short sword       |    31 |    53 ||    84
 Fire: Hand crossbow     |    30 |    65 ||    95
  Use: Scroll            |       |     2 ||     2
       Potion            |       |     3 ||     3
  Eat: Chunk             |     9 |     3 ||    12
Armor: Leather armour    |    14 |    20 ||    34
Dodge: Dodged            |    26 |    58 ||    84
